 Dungeon Crawl Stone Soup version 0.24.1-11-gbbbb2193e6 (webtiles) character file.

Game seed: 12193095950356178558, levelgen mode: deterministic

168975 Amplified the Peltast (level 17, -2/151 HPs)
             Began as a Hill Orc Chaos Knight on May 11, 2020.
             Was a Plaything of Xom.
             Killed from afar by a salamander mystic (7 damage)
             ... with a bolt of magma
             ... on level 3 of the Snake Pit.
             The game lasted 00:45:53 (27588 turns).

Amplified the Peltast (Hill Orc Chaos Knight)      Turns: 27588, Time: 00:45:54

Health: -2/151     AC: 17    Str: 22    XL:     17   Next: 96%
Magic:  29/29      EV: 18    Int: 19    God:    Xom [.....*]
Gold:   470        SH: 16    Dex: 20    Spells: 16/16 levels left

rFire    + + +     SeeInvis +   m - +8 fustibalus "Ehor" {chaos, MR++ Int+4}
rCold    + + +     Gourm    +   B - +0 shield {reflect}
rNeg     + + +     Faith    .   z - +1 leather armour of the Ditch-Digger {Regen+ Str-4 Dex+6} (curse)
rPois    ∞         Spirit   .   u - +0 hat {Int+3}
rElec    +         Reflect  +   b - scarf {rC+ rF+}
rCorr    .         Harm     .   h - +2 pair of gloves {archery}
MR       +++++     Clarity  +   V - +0 pair of boots of Undesirable Species {rElec rF+}
Stlth    ++........             g - amulet of the gourmand
HPRegen  0.75/turn              d - ring of see invisible
MPRegen  0.21/turn              W - ring of Quent {rN+ MP+9 Str+6}

@: lich-form
A: claws 2, hooves 1, molten scales 1, agile 1, blurry vision 1, clarity, cold
resistance 1, deformed body, fire resistance 1, magic resistance 1, sense
surroundings 2, poison resistance, screaming 1, shaggy fur 1
a: Renounce Religion


You were on level 3 of the Snake Pit.
You worshipped Xom.
You were Xom's teddy bear.
You were not hungry.
You were a lich.
You visited 4 branches of the dungeon, and saw 26 of its levels.

You collected 3173 gold pieces.
You spent 2703 gold pieces at shops.

Inventory:

Hand Weapons
 m - the +8 fustibalus "Ehor" (weapon) {chaos, MR++ Int+4}
   (Xom gifted it to you on level 8 of the Dungeon)

   Each projectile launched from it has a different, random effect.
   It affects your intelligence (+4).
   It affects your resistance to hostile enchantments.
Missiles
 e - 182 sling bullets (quivered)
 f - 224 stones
 i - 539 arrows
 N - 4 curare-tipped darts
Armour
 b - a scarf of resistance (worn)
 h - a +2 pair of gloves of archery (worn)
 u - a +0 hat of intelligence (worn)
 z - the cursed +1 leather armour of the Ditch-Digger (worn) {Regen+ Str-4 Dex+6}
   (You found it on level 12 of the Dungeon)

   It affects your strength (-4).
   It affects your dexterity (+6).
   It increases your rate of regeneration.
   It has a curse placed upon it.
 B - a +0 shield of reflection (worn)
 H - a scarf of cloud immunity
 J - the +1 pair of gloves of Proximity {rC+}
   (You found it on level 2 of the Lair of Beasts)

   It protects you from cold.
 V - the +0 pair of boots of Undesirable Species (worn) {rElec rF+}
   (You found it on level 6 of the Lair of Beasts)

   It protects you from fire.
   It insulates you from electricity.
Jewellery
 d - a ring of see invisible (left hand)
 g - an amulet of the gourmand (around neck)
 n - an uncursed ring of stealth
 y - an uncursed ring of protection from fire
 M - the ring of Nierr {Fire MR+}
   (You found it on level 2 of the Lair of Beasts)

   [ring of fire]

   It enhances your fire magic.
   It protects you from fire.
   It makes you vulnerable to cold.
   It affects your resistance to hostile enchantments.
 P - an uncursed amulet of guardian spirit
 R - an uncursed ring of positive energy
 T - the amulet of Doubts {rElec rF+++ rC- Regen+ Int-2}
   (Xom gifted it to you on level 6 of the Lair of Beasts)

   [amulet of regeneration]

   It affects your intelligence (-2).
   It renders you almost immune to fire.
   It makes you vulnerable to cold.
   It insulates you from electricity.
   It increases your rate of regeneration.
 W - the ring of Quent (right hand) {rN+ MP+9 Str+6}
   (You bought it in a shop on level 1 of the Snake Pit)

   [ring of positive energy]

   It affects your strength (+6).
   It protects you from negative energy.
   It affects your magic capacity (+9).
Wands
 a - a wand of polymorph (29)
 D - a wand of digging (2)
 E - a wand of iceblast (26)
 G - a wand of random effects (20)
 I - a wand of flame (18)
 S - a wand of acid (3)
Scrolls
 k - 17 scrolls of remove curse
 p - 6 scrolls of identify
 t - 5 scrolls of enchant weapon
 A - 7 scrolls of fog
 C - 2 scrolls of magic mapping
 F - 2 scrolls of teleportation
 K - 4 scrolls of amnesia
Potions
 j - 4 potions of flight
 o - a potion of brilliance
 q - 3 potions of mutation
 r - 2 potions of berserk rage
 s - 4 potions of heal wounds
 v - 4 potions of curing
 w - 5 potions of lignification
 x - a potion of cancellation
 O - a potion of magic
 Q - a potion of haste
 U - a potion of agility
Miscellaneous
 X - a lamp of fire (inert)
Comestibles
 c - 53 rations


   Skills:
 * Level 13.9 Fighting
   Level 4.8 Axes
 - Level 14.4 Slings
 * Level 10.8 Armour
 * Level 8.2 Dodging
 - Level 19.2 Shields
 + Level 4.3 Evocations


You had 16 spell levels left.
You didn't know any spells.
Your spell library contained the following spells:

 Spells                   Type           Power        Failure   Level  Hunger
 Animate Skeleton         Necr           N/A          22%         1    N/A
 Apportation              Tloc           #.....       22%         1    N/A
 Confusing Touch          Hex            #.....       22%         1    N/A
 Corona                   Hex            #......      22%         1    N/A
 Infusion                 Chrm           #...         22%         1    N/A
 Pain                     Necr           #...         22%         1    N/A
 Summon Small Mammal      Summ           #...         22%         1    N/A
 Ensorcelled Hibernation  Hex/Ice        #.....       34%         2    N/A
 Shroud of Golubria       Chrm/Tloc      #.....       34%         2    N/A
 Slow                     Hex            #.......     34%         2    N/A
 Song of Slaying          Chrm           #.......     34%         2    N/A
 Confuse                  Hex            #.......     56%         3    N/A
 Dazzling Spray           Conj/Hex       #.....       56%         3    N/A
 Inner Flame              Hex/Fire       #.......     56%         3    N/A
 Portal Projectile        Hex/Tloc       #.....       56%         3    N/A
 Regeneration             Chrm/Necr      #.........   56%         3    N/A
 Spectral Weapon          Hex/Chrm       #.......     56%         3    N/A
 Tukima's Dance           Hex            #.......     56%         3    N/A
 Vampiric Draining        Necr           #.........   56%         3    N/A
 Animate Dead             Necr           N/A          92%         4    N/A
 Cause Fear               Hex            #.........   92%         4    N/A
 Leda's Liquefaction      Hex/Erth       #.........   92%         4    N/A
 Borgnjor's Vile Clutch   Necr/Erth      #.........   99%         5    N/A
 Irradiate                Conj/Tmut      #.........   99%         5    N/A
 Silence                  Hex/Air        #.........   99%         5    N/A
 Darkness                 Hex            #.........   100%        6    N/A
 Hydra Form               Tmut           #.........   100%        6    N/A
 Shadow Creatures         Summ           N/A          100%        6    N/A
 Statue Form              Tmut/Erth      #........    100%        6    N/A
 Dragon Form              Tmut           #.........   100%        7    N/A

Dungeon Overview and Level Annotations

Branches:
Dungeon (15/15)            Temple (0/1) D:7            Lair (6/6) D:9
 Shoals (0/4) Lair:4        Snake (2/4) Lair:3        Slime (0/5) Lair:5
    Orc (2/2) D:11            Elf (0/3) Orc:2        Vaults (0/5) D:14
 Depths (0/5) D:15

Altars:
Dithmenos
Hepliaklqana
Qazlal
Sif Muna
Xom
Beogh
Jiyva

Shops:
D:11 [(   Orc:2 %=%:   Snake:1 }=}   Snake:2 (*[

Portals:
Trove: D:13 (give 12 potions of heal wounds)

Annotations:
Snake:2 Nikola


Innate Abilities, Weirdness & Mutations

You have very sharp fingernails.
You have large cloven feet.
You are partially covered in molten scales. (AC +2)
You are agile. (Dex +2)
Scrolls take you a little longer to read.
You possess an exceptional clarity of mind.
Your flesh is cold resistant. (rC+)
Armour fits poorly on your strangely shaped body.
Your flesh is heat resistant. (rF+)
You are resistant to hostile enchantments. (MR+)
You passively map the area around you.
Your system is resistant to poisons. (rPois)
You occasionally shout uncontrollably at your foes.
You are covered in fur. (AC +1)


Message History

The anaconda misses you. The anaconda barely misses you.
Evoke which item? (* to show all) (? for menu, Esc to quit)
Aiming: Dig
Press: ? - help, Shift-Dir - straight line, p - anaconda A rock wall.
The rock shatters into small pieces.
The black mamba closely misses you. The salamander misses you.
The anaconda misses you. The anaconda bites you.
* * * LOW HITPOINT WARNING * * *
You block the black mamba's attack. The salamander barely misses you.
Unknown command.
Unknown command.
The salamander hits you from afar with a +0 trident!
* * * LOW HITPOINT WARNING * * *
You are engulfed in flames.
You resist.
* * * LOW HITPOINT WARNING * * *
The salamander mystic casts a spell at you.
The bolt of magma hits the salamander!
The salamander partially resists.
The bolt of magma hits you! You partially resist.
You die...
Xom laughs nastily!

, ,..........#
, , ,
,......N...# ,
, ,,
........(.# ,,
, ,.......?..#
, * , ,
..........## ,,
,
....###....##..
, , , ....*
#.SNN(..(., ,,,
, * ...,
#S.#.....# ,, ,
, ,.. ,*
#L##....## *
#.#,....# ,
#.#*##### * * *
#.# #.# #.# #.#
###


You could see a naga sharpshooter, a salamander mystic, a salamander, an
anaconda and a black mamba.

Vanquished Creatures
  Jorgrun (Orc:2)
  Gastronok (Lair:3)
  Roxanne (D:15)
  A fire dragon (D:15)
  2 crystal guardians (D:15)
  Fannar (Lair:1)
  2 naga warriors
  8 hydras
  The ghost of Wuluz the Slinger, a journeyman DsWr of Qazlal (Lair:2)
  2 vault guards (D:14)
  2 anacondas (Snake:1)
  An ice dragon (Orc:2)
  3 catoblepae (Lair:6)
  3 centaur warriors
  5 two-headed ogres
  2 tengu warriors
  4 naga sharpshooters (Snake:1)
  11 death yaks (Lair:6)
  7 orc high priests
  2 shock serpents (Snake:1)
  4 unseen horrors
  An orange crystal statue (D:15)
  2 naga ritualists
  A harpy (Snake:1)
  An orb spider (shapeshifter) (Snake:2)
  A wolf spider zombie (D:13)
  15 ugly things
  A deep elf mage (D:13)
  An orc knight (D:15)
  An ugly thing (shapeshifter) (D:15)
  4 mana vipers
  3 cyclopes
  5 salamanders
  A merfolk siren (Lair:4)
  5 manticores
  20 black mambas
  8 elephants
  A guardian serpent (Snake:2)
  4 centaur zombies
  Maurice (Orc:2)
  A torpor snail (Lair:2)
  7 naga magi
  3 gargoyles
  7 rime drakes
  12 spiny frogs
  10 komodo dragons
  A yaktaur (D:15)
  A merfolk (shapeshifter) (Lair:2)
  13 trolls
  2 polar bears
  A meliai (D:8)
  A troll (shapeshifter) (Snake:1)
  2 slime creatures (D:15)
  A hornet (shapeshifter) (D:14)
  A polar bear (shapeshifter) (Lair:6)
  Prince Ribbit (D:7)
  20 blink frogs
  13 dream sheep
  13 hippogriffs
  Sigmund (D:2)
  2 vampires
  2 wraiths
  4 shadows
  2 wyverns
  4 hogs (D:15)
  49 yaks
  A fire bat (Lair:1)
  A basilisk (shapeshifter) (D:13)
  A chaos spawn (D:5)
  10 humans (D:14)
  2 vampire mosquitoes (D:14)
  4 basilisks
  A swamp worm (shapeshifter) (Orc:1)
  6 wargs (Orc:2)
  4 acid dragons
  14 nagas
  13 water moccasins
  8 porcupines
  5 ice beasts
  2 eyes of draining (D:14)
  17 orc warriors
  A hornet zombie (D:6)
  5 sky beasts
  3 black bears
  An ogre (shapeshifter) (Snake:1)
  A black mamba simulacrum (Lair:2)
  A necrophage (D:6)
  7 centaurs
  A phantom (D:9)
  14 ogres
  15 wolves
  9 crocodiles
  A big kobold (D:7)
  12 bullfrogs
  A wyvern zombie (D:7)
  A spiny frog simulacrum (Lair:2)
  7 scorpions
  A wyvern skeleton (D:14)
  A blink frog simulacrum (Lair:2)
  6 killer bees
  20 wights
  5 electric eels
  2 howler monkeys (D:9)
  5 crimson imps
  A bullfrog zombie (D:11)
  2 hippogriff simulacra (Lair:2)
  A quasit (D:10)
  16 hounds
  3 jellies
  17 orc wizards
  A gnoll shaman (D:5)
  5 iguanas
  40 orc priests
  Jessica (D:2)
  7 bullfrog skeletons
  6 centaur skeletons
  Natasha (thrice) (D:2)
  10 worker ants
  A wolf simulacrum (Lair:2)
  A hound zombie (D:6)
  2 hound skeletons
  3 worker ant zombies
  A howler monkey skeleton (D:11)
  10 gnolls
  17 adders
  A shadow imp (D:14)
  An adder skeleton (D:5)
  An adder zombie (D:10)
  5 worms
  7 dart slugs
  6 leopard geckos
  101 orcs
  A ball python (Lair:3)
  2 giant cockroaches
  6 goblins
  10 hobgoblins
  8 jackals
  13 kobolds
  8 quokkas
  6 bats
  4 frilled lizards
  2 jackal skeletons (D:6)
  12 rats
865 creatures vanquished.

Vanquished Creatures (collateral kills)
  Kirke (D:15)
  Aizul (Snake:2)
  An orc knight (D:15)
  A naga (Snake:2)
  An orc (D:15)
5 creatures vanquished.

Vanquished Creatures (others)
  A yaktaur captain (D:15)
  A naga warrior (Snake:2)
  A centaur warrior (D:14)
  A naga sharpshooter (Snake:2)
  A yak (Lair:4)
  2 centaurs (D:14)
  A crocodile (Lair:4)
  10 fungi
  14 plants
32 creatures vanquished.

Grand Total: 902 creatures vanquished

Notes
Turn   | Place    | Note
-------+----------+-------------------------------------------
     0 | D:1      | Amplified the Hill Orc Chaos Knight began the quest for the
                  | Orb.
     0 | D:1      | Reached XP level 1. HP: 19/19 MP: 1/1
    59 | D:1      | XOM: potion effect (curing)
    60 | D:1      | Reached XP level 2. HP: 27/27 MP: 2/2
   102 | D:1      | Reached skill level 1 in Dodging
   128 | D:1      | XOM: 8-stop teleportation journey
   220 | D:1      | XOM: polymorph bat -> adder
   274 | D:1      | XOM: harmless Tmut miscast
   313 | D:1      | XOM: 3-stop teleportation journey
   328 | D:1      | Reached XP level 3. HP: 32/33 MP: 3/3
   869 | D:2      | Noticed Sigmund
   963 | D:2      | Reached XP level 4. HP: 39/41 MP: 4/4
  1017 | D:2      | XOM: harmless Chrm miscast
  1066 | D:2      | Noticed Jessica
  1067 | D:2      | Noticed Natasha
  1070 | D:2      | XOM: enchant monster (bad)
  1075 | D:2      | Killed Natasha
  1078 | D:2      | Killed Jessica
  1078 | D:2      | Reached skill level 1 in Slings
  1157 | D:2      | Reached XP level 5. HP: 47/47 MP: 5/5
  1272 | D:2      | Gained mutation: You occasionally shout uncontrollably at
                  | your foes. [potion of mutation]
  1272 | D:2      | Gained mutation: Your system is resistant to poisons.
                  | (rPois) [potion of mutation]
  1276 | D:2      | XOM: butterfly on damage
  1294 | D:3      | Reached skill level 5 in Fighting
  1409 | D:3      | XOM: 1-stop teleportation journey
  1749 | D:3      | Found a stormy altar of Qazlal.
  1749 | D:3      | XOM: 7-stop teleportation journey
  1776 | D:3      | XOM: scenery: 3 doors open, 1 doors close
  1880 | D:3      | Noticed a water elemental
  1881 | D:3      | Noticed a fire elemental
  1881 | D:3      | Noticed an air elemental
  2472 | D:2      | Killed Sigmund
  2472 | D:2      | Reached XP level 6. HP: 55/57 MP: 6/6
  2479 | D:2      | Noticed Natasha
  2492 | D:2      | Killed Natasha
  2507 | D:2      | Noticed Natasha
  2513 | D:2      | Killed Natasha
  2704 | D:4      | Reached XP level 7. HP: 63/63 MP: 7/7
  3048 | D:4      | XOM: divination: detect items
  3188 | D:4      | XOM: silly message
  3262 | D:5      | Entered Level 5 of the Dungeon
  3314 | D:5      | Noticed Grinder
  3321 | D:5      | Paralysed by Grinder for 7 turns
  3519 | D:5      | XOM: 1-stop teleportation journey
  3844 | D:6      | Reached XP level 8. HP: 72/73 MP: 8/8
  3931 | D:6      | Found a hazy altar of Hepliaklqana.
  4032 | D:6      | XOM: enchant monster (bad)
  4285 | D:6      | XOM: divination: detect items
  4630 | D:6      | XOM: cloud trail
  4685 | D:6      | XOM: scenery: 1 doors open, 2 doors close
  4782 | D:6      | Reached skill level 5 in Armour
  4807 | D:6      | Reached skill level 5 in Slings
  4842 | D:6      | XOM: 2-stop teleportation journey
  4893 | D:6      | XOM: give mutations
  4893 | D:6      | Gained mutation: You possess an exceptional clarity of
                  | mind. [Xom's grace]
  4893 | D:6      | Gained mutation: You are covered in fur. (AC +1) [Xom's
                  | grace]
  5222 | D:6      | Reached XP level 9. HP: 21/82 MP: 9/9
  5291 | D:6      | XOM: medium Air miscast
  5428 | D:6      | XOM: scenery: 3 doors open
  5434 | D:6      | XOM: god gift: 32 gold pieces
  5724 | D:6      | XOM: divination: detect creatures
  5934 | D:7      | Found a staircase to the Ecumenical Temple.
  6013 | D:7      | Noticed Prince Ribbit
  6026 | D:7      | XOM: divination: detect creatures
  6031 | D:7      | XOM: cast spell 'Disjunction'
  6200 | D:7      | XOM: 4-stop teleportation journey
  6396 | D:7      | Killed Prince Ribbit
  7383 | D:5      | Noticed Grinder
  7383 | D:5      | Grinder changed into Grinder the chaos spawn
  7383 | D:5      | XOM: polymorph Grinder -> Grinder the chaos spawn
  7390 | D:5      | XOM: scenery: create altars
  7408 | D:6      | XOM: give mutation
  7408 | D:6      | Gained mutation: You are partially covered in molten
                  | scales. (AC +2) [Xom's grace]
  7466 | D:8      | XOM: fog
  7487 | D:8      | Noticed a meliai
  7487 | D:8      | a hippogriff changed into a meliai
  7487 | D:8      | XOM: polymorph hippogriff -> meliai
  7500 | D:8      | Killed a meliai
  7500 | D:8      | Reached skill level 10 in Fighting
  7671 | D:8      | XOM: god gift: polished fustibalus {god gift}
  7696 | D:8      | Got a polished fustibalus {god gift}
  7697 | D:8      | Identified the +8 fustibalus "Ehor" {chaos, MR++ Int+4}
                  | (Xom gifted it to you on level 8 of the Dungeon)
  7703 | D:8      | Reached XP level 10. HP: 93/93 MP: 10/10
  8109 | D:8      | XOM: scenery: 1 doors open
  8214 | D:8      | XOM: god gift: scroll labeled BAHERCHETIXT {god gift}
  8327 | D:9      | XOM: potion effect (invisibility)
  8473 | D:9      | XOM: confuse monster(s)
  8488 | D:9      | You fall into a shaft and drop 3 floors!
  8531 | D:12     | Noticed a red ugly thing
  8537 | D:12     | Killed a red ugly thing
  8653 | D:12     | Noticed a five-headed hydra
  8659 | D:12     | Killed a five-headed hydra
  8659 | D:12     | Reached skill level 5 in Dodging
  8812 | D:12     | Noticed a cyclops
  8817 | D:12     | Killed a cyclops
  8897 | D:12     | XOM: potion effect (berserk rage)
  8910 | D:12     | Reached XP level 11. HP: 102/102 MP: 11/11
  9034 | D:12     | Got a bloodstained leather armour
  9047 | D:12     | Identified the cursed +1 leather armour of the Ditch-Digger
                  | {Regen+ Str-4 Dex+6} (You found it on level 12 of the
                  | Dungeon)
  9594 | D:11     | XOM: noise
  9594 | D:11     | Noticed a white ugly thing
  9595 | D:11     | XOM: fog
  9599 | D:11     | Killed a white ugly thing
  9605 | D:11     | Noticed a two-headed ogre
  9612 | D:11     | Killed a two-headed ogre
  9632 | D:11     | XOM: divination: magic mapping
  9680 | D:11     | Found Saedghe's Armour Shop.
  9684 | D:11     | Found a staircase to the Orcish Mines.
  9684 | D:11     | Found Ajaetwec's Weapon Shop.
  9697 | D:11     | Bought a +0 pair of boots for 72 gold pieces
  9702 | D:11     | Bought a +0 shield of reflection for 136 gold pieces
  9705 | D:11     | XOM: silly message
  9751 | D:11     | XOM: potion effect (might)
  9853 | D:11     | Noticed a five-headed hydra
  9859 | D:11     | XOM: mild Ice miscast
  9861 | D:11     | XOM: summons friendly shadow imp
 10011 | D:11     | Reached skill level 1 in Shields
 10120 | D:11     | XOM: fake destruction
 10122 | D:11     | Reached skill level 2 in Shields
 10207 | D:11     | XOM: 1-stop teleportation journey
 10258 | D:11     | XOM: give mutation
 10258 | D:11     | Gained mutation: Armour fits poorly on your strangely
                  | shaped body. [Xom's mischief]
 10269 | D:11     | XOM: swap monsters
 10270 | D:11     | XOM: smoke on damage
 10285 | D:11     | XOM: mild Chrm miscast
 10308 | D:11     | XOM: blink monster(s)
 10313 | D:10     | Entered Level 10 of the Dungeon
 10397 | D:10     | XOM: summons 1 hostile shadow creature
 10423 | D:10     | Reached skill level 3 in Shields
 10545 | D:10     | XOM: harmless Conj miscast
 10650 | D:10     | XOM: chaos cloud
 10663 | D:10     | Reached skill level 10 in Slings
 10672 | D:10     | Reached skill level 4 in Shields
 10812 | D:10     | XOM: medium Tmut miscast
 10841 | D:10     | XOM: harmless Ice miscast
 10894 | D:10     | Found a shadowy altar of Dithmenos.
 10920 | D:10     | Noticed a two-headed ogre
 10925 | D:10     | Killed a two-headed ogre
 10925 | D:10     | Reached skill level 5 in Shields
 10925 | D:10     | Reached XP level 12. HP: 112/112 MP: 12/12
 11223 | D:10     | Noticed a tengu warrior
 11231 | D:10     | Killed a tengu warrior
 11414 | D:9      | Reached skill level 6 in Shields
 11425 | D:9      | XOM: polymorph hound -> wolf
 11487 | D:9      | Found a staircase to the Lair.
 11661 | D:9      | Found a shimmering blue altar of Sif Muna.
 11819 | D:9      | Noticed a two-headed ogre
 11834 | D:9      | Killed a two-headed ogre
 11925 | D:9      | XOM: mild Pois miscast
 12072 | D:5      | Killed Grinder the chaos spawn
 12382 | Lair:1   | Entered Level 1 of the Lair of Beasts
 12396 | Lair:1   | Reached skill level 7 in Shields
 12437 | Lair:1   | Noticed Fannar
 12438 | Lair:1   | XOM: summons 6 hostile demons
 12444 | Lair:1   | XOM: summons friendly shadow imp
 12450 | Lair:1   | XOM: destruction
 12455 | Lair:1   | Killed Fannar
 12554 | Lair:1   | XOM: polymorph rime drake -> fire bat
 12816 | Lair:1   | XOM: give mutations
 12816 | Lair:1   | Gained mutation: You have sharp fingernails. [Xom's grace]
 12816 | Lair:1   | Gained mutation: You are resistant to hostile enchantments.
                  | (MR+) [Xom's grace]
 12816 | Lair:1   | Gained mutation: You passively map a small area around you.
                  | [Xom's grace]
 12966 | Lair:1   | Reached skill level 8 in Shields
 12979 | Lair:1   | XOM: scenery: 2 doors open
 13011 | Lair:1   | XOM: scenery: 2 doors open
 13152 | Lair:2   | XOM: fog
 13156 | Lair:2   | XOM: summons 5 friendly demons
 13226 | Lair:2   | XOM: scenery: create altars
 13280 | Lair:2   | Noticed Wuluz's ghost (journeyman DsWr)
 13288 | Lair:2   | XOM: give mutations
 13288 | Lair:2   | Gained mutation: Scrolls take you a little longer to read.
                  | [Xom's mischief]
 13288 | Lair:2   | Gained mutation: You are frail. (-10% HP) [Xom's mischief]
 13288 | Lair:2   | Lost mutation: You are frail. (-10% HP) [Xom's mischief]
 13302 | Lair:2   | Found a runed translucent gate.
 13302 | Lair:2   | Found a runed translucent gate.
 13302 | Lair:2   | Found a runed translucent gate.
 13323 | Lair:2   | Reached skill level 9 in Shields
 13446 | Lair:2   | Reached XP level 13. HP: 118/118 MP: 13/13
 13527 | Lair:2   | XOM: mild Ice miscast
 13587 | Lair:2   | Got a pair of polished gloves
 13590 | Lair:2   | Identified the +1 pair of gloves of Proximity {rC+} (You
                  | found it on level 2 of the Lair of Beasts)
 13608 | Lair:2   | XOM: harmless Ice miscast
 13616 | Lair:2   | XOM: noise
 13624 | Lair:2   | Reached skill level 10 in Shields
 13771 | Lair:2   | XOM: summons friendly shadow imp
 13782 | Lair:2   | XOM: 1-stop teleportation journey
 13922 | Lair:2   | XOM: 3-stop teleportation journey
 13943 | Lair:2   | XOM: swap monsters
 13973 | Lair:2   | XOM: chaos cloud
 14342 | Lair:2   | XOM: swap monsters
 14570 | Lair:2   | XOM: stat loss: -1 Int (15/16)
 14635 | Lair:2   | Killed Wuluz's ghost
 14692 | Lair:2   | Got the ring of Nierr {Fire}
 14743 | Lair:2   | Identified the ring of Nierr {Fire MR+} (You found it on
                  | level 2 of the Lair of Beasts)
 14767 | Lair:3   | Reached skill level 11 in Shields
 14795 | Lair:3   | Found a staircase to the Snake Pit.
 14795 | Lair:3   | Noticed Gastronok
 14807 | Lair:3   | XOM: polymorph adder -> killer bee
 14813 | Lair:3   | Killed Gastronok
 15071 | Lair:3   | Noticed Sonja
 15110 | Lair:3   | Noticed Sonja
 15110 | Lair:3   | Sonja changed into Sonja the black bear
 15114 | Lair:3   | Killed Sonja the black bear
 15369 | Lair:3   | XOM: summons 1 hostile demon
 15375 | Lair:3   | XOM: noise
 15378 | Lair:3   | XOM: fake destruction
 15658 | Lair:3   | XOM: silly message
 15836 | Lair:4   | XOM: noise
 15848 | Lair:4   | Reached skill level 12 in Shields
 15914 | Lair:4   | XOM: scenery: create altars
 15919 | Lair:4   | XOM: potion effect (haste)
 15922 | Lair:4   | XOM: mild Summ miscast
 15930 | Lair:4   | XOM: divine lightning
 16032 | Lair:4   | XOM: divination: magic mapping
 16033 | Lair:4   | XOM: scenery: create altars
 16040 | Lair:4   | Reached XP level 14. HP: 122/126 MP: 14/14
 16125 | Lair:4   | XOM: give mutations
 16125 | Lair:4   | Gained mutation: Your flesh is cold resistant. (rC+) [Xom's
                  | grace]
 16125 | Lair:4   | Gained mutation: You passively map the area around you.
                  | [Xom's grace]
 16125 | Lair:4   | Gained mutation: You have very sharp fingernails. [Xom's
                  | grace]
 16146 | Lair:4   | XOM: scenery: create altars
 16287 | Lair:4   | Found a staircase to the Shoals.
 16623 | Lair:5   | XOM: cast spell 'Summon Ice Beast'
 16624 | Lair:5   | XOM: divination: detect creatures
 16664 | Lair:5   | XOM: harmless Hex miscast
 16680 | Lair:5   | Found a staircase to the Slime Pits.
 16680 | Lair:5   | Found a viscous altar of Jiyva.
 16763 | Lair:5   | XOM: harmless Chrm miscast
 16790 | Lair:5   | XOM: harmless Chrm miscast
 16791 | Lair:5   | XOM: confuse monster(s)
 17111 | Lair:5   | XOM: harmless Summ miscast
 17450 | Lair:5   | Reached skill level 13 in Shields
 17577 | Lair:6   | Entered Level 6 of the Lair of Beasts
 17598 | Lair:6   | XOM: blink monster(s)
 17670 | Lair:6   | XOM: scenery: create altars
 17711 | Lair:6   | XOM: divination: magic mapping
 17725 | Lair:6   | XOM: potion effect (agility)
 17728 | Lair:6   | XOM: summons 10 friendly demons
 17729 | Lair:6   | XOM: confuse monster(s)
 17732 | Lair:6   | XOM: fog
 17748 | Lair:6   | XOM: divine lightning
 17753 | Lair:6   | HP: 2/126 [catoblepas (10)]
 17973 | Lair:6   | XOM: chaos cloud
 17992 | Lair:6   | XOM: cleaving
 18049 | Lair:2   | XOM: god gift: pair of boots {god gift}
 18445 | Orc:1    | Entered Level 1 of the Orcish Mines
 18755 | Orc:1    | XOM: mild Chrm miscast
 18837 | Orc:2    | Entered Level 2 of the Orcish Mines
 18844 | Orc:2    | Noticed Jorgrun
 19134 | Orc:2    | Found a staircase to the Elven Halls.
 19135 | Orc:2    | XOM: 4-stop teleportation journey
 19165 | Orc:2    | XOM: summons 6 friendly demons
 19179 | Orc:2    | Killed Jorgrun
 19179 | Orc:2    | Reached skill level 14 in Shields
 19276 | Orc:2    | XOM: summons 6 friendly demons
 19298 | Orc:2    | XOM: confuse monster(s)
 19300 | Orc:2    | XOM: confuse monster(s)
 19443 | Orc:2    | XOM: divination: magic mapping
 19455 | Orc:2    | XOM: divination: detect creatures
 19464 | Orc:2    | XOM: potion effect (might)
 19466 | Orc:2    | Reached skill level 15 in Shields
 19562 | Orc:2    | Found a roughly hewn altar of Beogh.
 19616 | Orc:2    | Found Utioj's Book Shoppe.
 19616 | Orc:2    | Found Eteewkum's Food Shop.
 19876 | Orc:2    | Noticed Maurice
 19884 | Orc:2    | Killed Maurice
 19922 | Orc:2    | XOM: god gift: 61 gold pieces
 19957 | Orc:2    | Found a roughly hewn altar of Beogh.
 20203 | Orc:2    | Found Daash's Food Shop.
 20203 | Orc:2    | Found Xelonal's Jewellery Shoppe.
 20250 | Orc:2    | Bought a book of Battle for 680 gold pieces
 20276 | Orc:1    | XOM: cast spell 'Ring of Flames'
 20423 | Orc:1    | Reached XP level 15. HP: 130/132 MP: 15/15
 20457 | Orc:1    | XOM: divination: detect creatures
 20490 | Orc:1    | Found a roughly hewn altar of Beogh.
 20669 | D:13     | Found a portal to a secret trove of treasure.
 20836 | D:13     | XOM: summons 4 friendly demons
 20915 | D:13     | XOM: cloud trail
 21180 | D:13     | Reached skill level 16 in Shields
 21432 | D:14     | XOM: noise
 21605 | D:14     | XOM: god gift: 15 stones
 21651 | D:14     | XOM: harmless Ice miscast
 22051 | D:14     | XOM: summons friendly crimson imp
 22059 | D:14     | XOM: cast spell 'Alistair's Intoxication'
 22068 | D:14     | XOM: summons friendly ufetubus
 22110 | D:14     | Found a gate to the Vaults.
 22118 | D:14     | Got a blackened shield
 22175 | D:14     | XOM: divination: detect creatures
 22176 | D:14     | Identified the cursed -8 shield "Teora" {Dex+2} (You found
                  | it on level 14 of the Dungeon)
 22183 | D:14     | XOM: divination: detect creatures
 22186 | D:14     | Reached skill level 17 in Shields
 22187 | D:14     | XOM: potion effect (curing)
 22333 | D:14     | XOM: noise
 22359 | D:15     | Entered Level 15 of the Dungeon
 22503 | D:15     | XOM: mild Erth miscast
 22533 | D:15     | XOM: enchant monster (good)
 22598 | D:15     | XOM: mild Hex miscast
 22681 | D:15     | XOM: potion effect (might)
 22683 | D:15     | XOM: summons 15 friendly demons
 22760 | D:15     | Reached skill level 18 in Shields
 22760 | D:15     | XOM: cast spell 'Death Channel'
 22778 | D:15     | Noticed Kirke
 22780 | D:15     | XOM: divination: magic mapping
 22790 | D:15     | Killed Kirke
 22822 | D:15     | XOM: 7-stop teleportation journey
 22906 | D:15     | XOM: summons friendly ufetubus
 22952 | D:15     | XOM: cast spell 'Alistair's Intoxication'
 23018 | D:15     | Found a runed translucent door.
 23188 | D:15     | Noticed Roxanne
 23188 | D:15     | XOM: cast spell 'Shadow Creatures'
 23206 | D:15     | Killed Roxanne
 23251 | D:15     | XOM: confuse monster(s)
 23256 | D:15     | Reached XP level 16. HP: 134/139 MP: 16/16
 23446 | D:15     | XOM: medium Pois miscast
 23513 | D:15     | Found a staircase to the Depths.
 23589 | D:15     | XOM: noise
 23598 | D:15     | XOM: confuse monster(s)
 23615 | D:15     | XOM: summons friendly crimson imp
 23619 | D:15     | XOM: noise
 23633 | D:15     | XOM: scenery: create altars
 23759 | D:15     | Reached skill level 19 in Shields
 23897 | D:13     | XOM: give mutations
 23897 | D:13     | Gained mutation: Your flesh is heat resistant. (rF+) [Xom's
                  | grace]
 23897 | D:13     | Gained mutation: You have large cloven feet. [Xom's grace]
 23897 | D:13     | Gained mutation: You are agile. (Dex +2) [Xom's grace]
 23942 | D:11     | Bought 21 sling bullets for 147 gold pieces
 24436 | Lair:6   | XOM: destruction
 24437 | Lair:6   | XOM: scenery: create altars
 24478 | Lair:6   | XOM: 1-stop teleportation journey
 24626 | Lair:6   | Reached skill level 1 in Evocations
 24626 | Lair:6   | Reached XP level 17. HP: 148/148 MP: 16/18
 24733 | Lair:6   | XOM: cloud trail
 24769 | Lair:6   | XOM: scenery: create altars
 24960 | Lair:6   | XOM: cast spell 'Summon Butterflies'
 24992 | Lair:6   | XOM: god gift: runed spear {god gift}
 25441 | Lair:6   | XOM: confuse monster(s)
 25557 | Lair:6   | Got a pair of transparent boots
 25560 | Lair:6   | Identified the +0 pair of boots of Undesirable Species
                  | {rElec rF+} (You found it on level 6 of the Lair of Beasts)
 25626 | Lair:6   | XOM: god gift: bound iron amulet {god gift}
 25627 | Lair:6   | Got a bound iron amulet {god gift}
 25629 | Lair:6   | Identified the amulet of Doubts {rElec rF+++ rC- Regen+
                  | Int-2} (Xom gifted it to you on level 6 of the Lair of
                  | Beasts)
 25804 | Snake:1  | Entered Level 1 of the Snake Pit
 25954 | Snake:1  | XOM: cleaving
 26189 | Snake:1  | Reached skill level 10 in Armour
 26431 | Snake:1  | XOM: 5-stop teleportation journey
 26713 | Snake:1  | XOM: scenery: 1 fountains blood, 1 doors open
 26893 | Snake:1  | Found Posial's Gadget Emporium.
 26894 | Snake:1  | Found Yddet's Jewellery Shop.
 26895 | Snake:1  | Found Ippo's Gadget Emporium.
 26907 | Snake:1  | Bought the ring of Quent {rN+ MP+9 Str+6} for 877 gold
                  | pieces
 26911 | Snake:1  | Bought a lamp of fire for 560 gold pieces
 26933 | Snake:1  | XOM: god gift: thin smoking staff {god gift}
 27163 | Snake:2  | XOM: 8-stop teleportation journey
 27235 | Snake:2  | Found Jineutips's Armour Boutique.
 27300 | Snake:2  | Found Jeelatra's General Store.
 27307 | Snake:2  | Found Piciupn's Weapon Boutique.
 27333 | Snake:2  | Bought 16 sling bullets for 112 gold pieces
 27333 | Snake:2  | Bought 17 sling bullets for 119 gold pieces
 27337 | Snake:2  | XOM: cloud trail
 27420 | Snake:2  | Noticed Aizul
 27422 | Snake:2  | XOM: summons friendly ufetubus
 27431 | Snake:2  | XOM: summons friendly ufetubus
 27442 | Snake:2  | Killed Aizul
 27528 | Snake:2  | XOM: scenery: create altars
 27536 | Snake:2  | XOM: summons friendly white imp
 27538 | Snake:2  | Noticed Nikola
 27550 | Snake:2  | XOM: cast spell 'Necromutation'
 27556 | Snake:2  | You fall into a shaft and drop 1 floor!
 27561 | Snake:3  | XOM: summons 13 friendly demons
 27562 | Snake:3  | XOM: enchant monster (good)
 27588 | Snake:3  | HP: 7/151 [salamander/+0 trident (7)]
 27588 | Snake:3  | Killed from afar by a salamander mystic

Levels and vault maps discovered:
D:1:      dpeg_arrival_fog, layout_basic, minmay_misc_feat_hallway
D:2:      layout_loops_ring, hangedman_abyss_or_decor_stabs, uniq_sigmund,
          uniq_jessica, uniq_natasha
D:3:      layout_basic, chequers_serial_rivers_large_a,
          nicolae_qazlal_style_of_elements
D:4:      wad_pebble_path, layout_basic, first_ration
D:5:      layout_loops_cross, uniq_grinder
D:6:      minmay_spotlight, layout_gridville, marbit_many_paths,
          minmay_alternating_orb
D:7:      layout_gridville, minmay_temple_entry_sparse_star, uniq_prince_ribbit1
D:8:      layout_basic
D:9:      layout_gridville, erik_lair_island, serial_bayou, serial_bayou_pond_a,
          serial_bayou_lagoon_a, serial_bayou_ford_a, serial_bayou_shore_b,
          lemuel_blue_sif_altar
D:10:     layout_irregular_city, grunt_tengu_nest,
          nicolae_dithmenos_through_a_glass_darkly
D:11:     layout_loops_cross, orc_david_3
D:12:     layout_stronghold, nrook_mini_vaults
D:13:     layout_loops_ring, nicolae_trove_entry_crossroad
D:14:     layout_cave_pods, ximxim_vaults_locker_room, serial_park_tiny_pond
D:15:     grunt_enter_depths_snipers, layout_long_grid, serial_bayou_pond_e,
          minmay_crystal_box, uniq_roxanne, uniq_kirke
Lair:1:   layout_regular_city, serial_bayou_shore_a, infiniplex_staircase_pool,
          lemuel_fruit_fields, grunt_megastairs_5, uniq_fannar
Lair:2:   layout_cave_pods, gammafunk_ghost_icy, minmay_shattered_shrine,
          grunt_megastairs_4
Lair:3:   layout_loops_ring, minmay_snake_entry_six_corridors, uniq_sonja,
          uniq_gastronok
Lair:4:   layout_small_grid, minmay_shoals_entry_lonely_mermaid,
          infiniplex_staircase_pool_2
Lair:5:   layout_cave_pods, slime_altar_1, serial_bayou_shore_b
Lair:6:   evilmike_catoblepas_cave, layout_misc_corridors,
          chequers_serial_rivers_marsh, nicolae_quartered_pool_little,
          lemuel_fruit_tree
Snake:1:  layout_honeycomb, grunt_megastairs_2, minmay_shop_grove
Snake:2:  layout_misc_corridors, minmay_shop_star, uniq_nikola, uniq_aizul
Snake:3:  layout_grid_shapes
Orc:1:    layout_caves, nicolae_orc_bridge_out, minmay_orc_temple_c
Orc:2:    st_orc_town, layout_caves, david_defended_altar_orc, uniq_maurice,
          uniq_jorgrun

Skill      XL: |  1  2  3  4  5  6  7  8  9 10 11 12 13 14 15 16 17 |
---------------+----------------------------------------------------+-----
Dodging        | 1 2 3 4 5 6 8 |  8.2
Fighting       | 4 5 6 7 8 10 11 12 13 | 13.9
Slings         | 1 2 3 5 6 8 10 12 13 14 | 14.4
Armour         | 3 4 5 6 7 8 9 10 | 10.8
Shields        | 5 9 12 15 18 19 | 19.2
Evocations     | 1 4 |  4.3
Axes           | |  4.8

Action                   |  1- 3 |  4- 6 |  7- 9 | 10-12 | 13-15 | 16-18 || total
-------------------------+-------+-------+-------+-------+-------+-------++-------
Melee: Hand axe          |    87 |       |       |       |       |       ||    87
       Hunting sling     |       |       |     3 |       |       |       ||     3
       Fustibalus        |       |       |       |     2 |     4 |       ||     6
 Fire: Hunting sling     |    18 |   184 |   617 |       |       |       ||   819
       Fustibalus        |       |       |     1 |   609 |  1446 |   613 ||  2669
Throw: Throwing net      |       |       |     1 |       |       |     1 ||     2
       Dart              |       |       |       |       |     1 |       ||     1
Evoke: Wand              |       |     4 |    15 |     2 |    15 |     7 ||    43
       Lamp of fire      |       |       |       |       |       |     1 ||     1
  Use: Scroll            |     5 |     3 |     7 |     7 |    11 |     7 ||    40
       Potion            |       |     4 |     8 |     6 |     6 |     8 ||    32
  Eat: Chunk             |       |     3 |     7 |    10 |    20 |     3 ||    43
       Ration            |       |     1 |     2 |     4 |     2 |     3 ||    12
Armor: Leather armour    |    51 |    39 |   122 |    70 |    74 |    29 ||   385
       Skin              |       |       |    13 |       |       |       ||    13
Dodge: Dodged            |    65 |    57 |   225 |   111 |   163 |    96 ||   717
Block: Shield            |       |       |       |   104 |   256 |   156 ||   516
       Reflection        |       |       |       |     3 |    25 |    26 ||    54
